 Dungeon Crawl Stone Soup version 0.28.0-45-g0d030f2227 (webtiles) character file.

Game seed: 8865801403832110204

5828 mortz the Thaumaturge (level 10, -7/56 HPs)
             Began as a Deep Elf Earth Elementalist on Apr 10, 2022.
             Was a Believer of Sif Muna.
             Hit by a large rock thrown by a cyclops (25 damage)
             ... on level 9 of the Dungeon on Apr 11, 2022.
             The game lasted 01:20:24 (11090 turns).

mortz the Thaumaturge (DEEE)                       Turns: 11090, Time: 01:20:25

Health: -7/56      AC: 10    Str:  7    XL:     10   Next: 51%
Magic:  19/24      EV: 13    Int: 23    God:    Sif Muna [**....]
Gold:   391        SH:  0    Dex: 15    Spells: 15/25 levels left

rFire   . . .      SeeInvis .   a - +6 shillelagh "Devastator" {shatter}
rCold   . . .      Faith    .   (no shield)
rNeg    . . .      Spirit   .   i - +0 leather armour
rPois   .          Reflect  .   C - +1 helmet
rElec   .          Harm     .   h - +2 cloak
rCorr   .          Rampage  .   q - +1 pair of gloves
Will    +....                   (no boots)
Stlth   +++.......              r - amulet of magic regeneration {@e2}
HPRegen 0.18/turn               B - ring of wizardry
MPRegen 0.59/turn               (no ring)

@: no status effects
A: no striking features
a: Renounce Religion, Channel Magic


You were on level 9 of the Dungeon.
You worshipped Sif Muna.
Sif Muna was pleased with you.
You visited 2 branches of the dungeon, and saw 10 of its levels.

You collected 391 gold pieces.


   Skills:
 * Level 3.3 Fighting
 + Level 0.3(1.8) Short Blades
 - Level 2.7 Long Blades
 * Level 6.0 Maces & Flails
 + Level 1.9 Armour
 + Level 5.5 Dodging
 + Level 5.1 Stealth
 + Level 8.2 Spellcasting
 + Level 4.8 Conjurations
 + Level 1.1 Transmutations
 + Level 7.3 Earth Magic
 * Level 5.8 Invocations


You had 15 spell levels left.
You knew the following spells:

 Your Spells              Type           Power      Damage    Failure   Level
b - Passwall              Tmut/Erth      23%        N/A       1%          2
c - Stone Arrow           Conj/Erth      74%        3d11      1%          3
d - Apportation           Tloc           18%        N/A       4%          1
e - Petrify               Tmut/Erth      28%        N/A       7%          4

Your spell library contained the following spells:

 Spells                   Type           Power      Damage    Failure   Level
 Sandblast                Erth           86%        2d18      1%          1
 Animate Skeleton         Necr           18%        N/A       4%          1
 Summon Small Mammal      Summ           36%        N/A       4%          1
 Dazzling Flash           Conj/Hex       40%        N/A       4%          3
 Iskenderun's Mystic Bla  Conj/Tloc      20%        2d6       16%         4
 Summon Forest            Summ/Tloc      4%         N/A       69%         5
 Summon Mana Viper        Hex/Summ       9%         N/A       69%         5
 Starburst                Conj/Fire      10%        6d5       89%         6
 Summon Cactus Giant      Summ           4%         N/A       99%         6

Inventory:

Hand Weapons
 a - the +6 shillelagh "Devastator" (weapon) {shatter}
   (You found it on level 5 of the Dungeon)

   It releases a powerful concussive burst when it strikes, dealing extra damage
   to the target and all other foes adjacent to them.
 e - a +1 trident of venom {polearm}
   (You took it off an orc on level 5 of the Dungeon)
 g - a +2 dagger of speed {short}
   (You took it off a kobold on level 1 of the Dungeon)
 j - a +0 great sword {long}
   (You found it on level 4 of the Dungeon)
 k - a +0 dagger of flaming {short}
   (You took it off a kobold on level 1 of the Dungeon)
 p - a +3 falchion of electrocution {long}
   (You found it on level 2 of the Dungeon)
 u - a +1 dagger of draining {short}
   (You took it off a kobold on level 3 of the Dungeon)
 z - a +2 vorpal hand axe {axe}
   (You took it off an orc on level 6 of the Dungeon)
 F - the +6 mace "Death Rattle" {drain, *Rage Str+2 Dex+4, mace}
   (You found it on level 5 of the Dungeon)

   A truly terrible weapon, it drains the life of any living foe it strikes.
   Str:       It affects your strength (+2).
   Dex:       It affects your dexterity (+4).
   *Rage:     It berserks you when you make melee attacks (+20% chance).
 G - a +2 mace of holy wrath {mace}
   (You found it on level 5 of the Dungeon)
Missiles
 c - 260 stones {throwing}
 f - 7 boomerangs {throwing}
 n - 9 poisoned darts {throwing}
 E - 4 atropa-tipped darts {throwing}
Armour
 b - a +0 robe
 d - a +0 chain mail
   (You found it on level 1 of the Dungeon)
 h - a +2 cloak (worn)
   (You found it on level 1 of the Dungeon)
 i - a +0 leather armour (worn)
   (You found it on level 1 of the Dungeon)
 q - a +1 pair of gloves (worn)
   (You found it on level 2 of the Dungeon)
 x - a +0 plate armour
   (You found it on level 7 of the Dungeon)
 C - a +1 helmet (worn)
   (You found it on level 4 of the Dungeon)
Magical Staves
 y - a staff of air {!astaff}
   (You found it on level 4 of the Dungeon)
Jewellery
 r - an amulet of magic regeneration (around neck) {@e2}
   (You found it on level 2 of the Dungeon)
 B - a ring of wizardry (left hand)
   (You took it off a goblin on level 4 of the Dungeon)
 I - the macabre finger necklace {rN+}
   (You found it on level 8 of the Dungeon)

   [amulet of nothing]

   It enables you to equip an extra ring.
   rN:        It protects you from negative energy.
Wands
 m - a wand of polymorph (6)
   (You found it on level 6 of the Dungeon)
 o - a wand of flame (16)
   (You found it on level 3 of the Dungeon)
 w - a wand of paralysis (21)
   (You found it on level 6 of the Dungeon)
 M - a wand of acid (3)
   (You found it on level 8 of the Dungeon)
Scrolls
 l - 2 scrolls of vulnerability {!r!r}
 s - a scroll of fog
 H - a scroll of brand weapon
 O - 2 scrolls of identify {@r1}
Potions
 v - a potion of haste {@q3}
 N - a potion of brilliance
Miscellaneous
 K - a condenser vane (inert)
   (You found it on level 9 of the Dungeon)

Dungeon Overview and Level Annotations

Branches:
Dungeon (9/15)             Temple (0/1) D:5            Lair (1/6) D:8
    Orc: D:9-12

Altars:
Sif Muna

Annotations:
D:5 1 runed translucent door, Crazy Yiuf
D:7 Joseph, Maggie
D:9 3 runed translucent doors

#......................
##......................
####...[..#................
##.#.......#.#..............
#..##......C.##.....##......
#.........†.###....####.....
##........#<.# ###.## #.....
#..†......#..# ##...####.....
##....######@###...###.#.....
##.....####...##...J.........
##........##..###......#......
#....C........##....#.###.....
##..............##..#...
##....
#...........###..#.#...## #...
##........##.#J..####.#. #..
#......J......<..# ##.# ..
###...............## .


You could see a cyclops.


Message History

There is a stone staircase leading down here.
You climb downwards.
Level annotation: 3 runed translucent doors The howler monkey howls!
The howler monkey hoots and howls with incredible vigour!
A howler monkey comes into view.
You hear a shout! x3
There is a stone staircase leading up, spattered with blood here.
Cast which spell? (? or * to list)
Aiming: Stone Arrow (safe; 1% risk of failure)
Press: ? - help, Shift-Dir - straight line, f - howler monkey
Aim: a howler monkey (catching its breath, 71% to hit)
The stone arrow hits the howler monkey.
The howler monkey howls! 😎 MP[-2]
You lost 2 mp, and now have 22/24 mp.
Casting: Stone Arrow (safe; 1% risk of failure)
Confirm with . or Enter, or press ? or * to list all spells.
Aiming: Stone Arrow (safe; 1% risk of failure)
Press: ? - help, Shift-Dir - straight line, f/p - howler monkey
Aim: a howler monkey (moderately wounded, 71% to hit)
The stone arrow hits the howler monkey!
The howler monkey misses you. 😎 MP[-3]
You lost 3 mp, and now have 19/24 mp.
Casting: Stone Arrow (safe; 1% risk of failure)
Confirm with . or Enter, or press ? or * to list all spells.
Aiming: Stone Arrow (safe; 1% risk of failure)
Press: ? - help, Shift-Dir - straight line, f/p - howler monkey
Aim: a howler monkey (severely wounded, 71% to hit)
The stone arrow hits the howler monkey!!
You kill the howler monkey!
Sif Muna accepts your kill.
Your Maces & Flails skill increases to level 6! 😎 MP[-2]
You lost 2 mp, and now have 17/24 mp.
The howler monkey hits you but does no damage.
You climb upwards.
There is a stone staircase leading down here. 😎 MP[+1]
Casting: Stone Arrow (safe; 1% risk of failure)
Confirm with . or Enter, or press ? or * to list all spells.
Aiming: Stone Arrow (safe; 1% risk of failure)
Press: ? - help, Shift-Dir - straight line, f - howler monkey
Aim: a howler monkey (71% to hit)
The stone arrow hits the howler monkey!
You kill the howler monkey!
Sif Muna accepts your kill. 😎 MP[-2]
You lost 2 mp, and now have 16/24 mp.
You start resting. 😎 MP[+8]
Your mp is fully restored (24).
Okay, then.
You climb downwards.
Level annotation: 3 runed translucent doors
There is a stone staircase leading up, spattered with blood here.
A cyclops is nearby!
There is a stone staircase leading up, spattered with blood here.
Casting: Stone Arrow (safe; 1% risk of failure)
Confirm with . or Enter, or press ? or * to list all spells.
Aiming: Stone Arrow (safe; 1% risk of failure)
Press: ? - help, Shift-Dir - straight line, f - cyclops
Aim: a cyclops, quivering large rocks (98% to hit)
The stone arrow hits the cyclops!
The cyclops throws a large rock.
The large rock hits you. 😕 HP[-1] MP[-3]
You take 1 damage, and now have 55/56 hp.
You lost 3 mp, and now have 21/24 mp.
Casting: Stone Arrow (safe; 1% risk of failure)
Confirm with . or Enter, or press ? or * to list all spells.
Aiming: Stone Arrow (safe; 1% risk of failure)
Press: ? - help, Shift-Dir - straight line, f/p - cyclops
Aim: a cyclops, quivering large rocks (lightly wounded, 98% to hit)
The stone arrow hits the cyclops! 😕 MP[-2]
You lost 2 mp, and now have 19/24 mp.
Casting: Stone Arrow (safe; 1% risk of failure)
Confirm with . or Enter, or press ? or * to list all spells.
Aiming: Stone Arrow (safe; 1% risk of failure)
Press: ? - help, Shift-Dir - straight line, f/p - cyclops
Aim: a cyclops, quivering large rocks (moderately wounded, 98% to hit)
The stone arrow hits the cyclops! 😕 MP[-3]
You lost 3 mp, and now have 16/24 mp.
The cyclops throws a large rock.
The large rock hits you! 😮 HP[-14] MP[+1]
You take 14 damage, and now have 41/56 hp.
MASSIVE DAMAGE!! (PAUSE) 😮 HP[+1] MP[+1]
The cyclops throws a large rock.
The large rock hits you!!
* * * LOW HITPOINT WARNING * * *
😨 HP[-24]
You take 24 damage, and now have 18/56 hp.
MASSIVE DAMAGE!! (PAUSE)
Casting: Stone Arrow (safe; 1% risk of failure)
Confirm with . or Enter, or press ? or * to list all spells.
You can't see any susceptible monsters within range! (Use Z to cast anyway.) Unknown command.
The cyclops throws a large rock.
The large rock hits you!!
You die...

Skill      XL: |  1  2  3  4  5  6  7  8  9 10 |
---------------+-------------------------------+-----
Earth Magic    | 4 5 6 7 |  7.3
Stealth        | 3 4 5 |  5.1
Spellcasting   | 4 5 6 7 8 |  8.2
Long Blades    | 1 2 |  2.7
Armour         | 1 |  1.9
Dodging        | 3 4 5 |  5.5
Conjurations   | 1 2 3 4 |  4.8
Fighting       | 1 2 3 |  3.3
Maces & Flails | 1 3 5 6 |  6.0
Invocations    | 1 3 5 |  5.8
Short Blades   | |  0.3
Transmutations | |  1.1

Action                   |  1- 3 |  4- 6 |  7- 9 | 10-12 || total
-------------------------+-------+-------+-------+-------++-------
Melee: Dagger            |    19 |       |       |       ||    19
       Falchion          |    15 |    81 |     4 |       ||   100
       Hand axe          |       |     5 |       |       ||     5
       Shillelagh        |       |       |   122 |    66 ||   188
       Punch             |       |       |     2 |     1 ||     3
 Cast: Sandblast         |    35 |     7 |       |       ||    42
       Stone Arrow       |       |    24 |    56 |    26 ||   106
Evoke: Condenser vane    |       |       |       |     1 ||     1
  Use: Scroll            |     1 |     8 |    11 |     5 ||    25
       Potion            |       |     1 |     1 |     2 ||     4
 Stab: Sleeping          |     1 |     1 |     3 |       ||     5
Armor: Robe              |     4 |    13 |    36 |    10 ||    63
       Leather armour    |    10 |     9 |       |    16 ||    35
       Chain mail        |       |    41 |       |       ||    41
       Plate armour      |       |       |       |    14 ||    14
Dodge: Dodged            |    18 |    28 |    85 |    59 ||   190

Levels and vault maps discovered:
D:1:      dpeg_arrival_fog, layout_basic,
          hellmonk_ecumenical_altar_the_god_not_taken, lemuel_old_faithful
D:2:      layout_loops_cross, minmay_pentomino_t4, uniq_jessica
D:3:      layout_basic
D:4:      layout_rooms, kennysheep_orc_sif_temple, uniq_blork_the_orc
D:5:      layout_cave_pools, minmay_temple_entry_drinking_statues,
          nrook_campfire, sigmund_army, uniq_crazy_yiuf_cottage
D:6:      layout_gridville
D:7:      layout_gridville, uniq_joseph, uniq_maggie
D:8:      layout_gridville, dpeg_oklobed_lair, grunt_decor_one_mirror
D:9:      minmay_inner_zag, layout_cave_pools,
          ploomutoo_gammafunk_ghost_potion_laboratory, kennysheep_crisscross,
          minmay_lizard_king
Lair:1:   layout_loops_ring

Notes
Turn   | Place    | Note
-------+----------+-------------------------------------------
     0 | D:1      | mortz the Deep Elf Earth Elementalist began the quest for
                  | the Orb.
     0 | D:1      | Reached XP level 1. HP: 10/10 MP: 6/6
     0 | D:1      | magus.rc [v1.9.6]
   202 | D:1      | Reached XP level 2. HP: 15/15 MP: 6/8
   205 | D:1      | Learned a level 2 spell: Passwall
   430 | D:1      | Reached skill level 4 in Earth Magic
   668 | D:1      | Found a faded altar of an unknown god.
   760 | D:1      | Found a faded altar of an unknown god.
   765 | D:1      | Reached XP level 3. HP: 19/19 MP: 7/9
  1558 | D:2      | You pick up a book of the Wilderness and begin reading...
  1558 | D:2      | You add the spells Summon Forest, Summon Mana Viper and
                  | Summon Cactus Giant to your library.
  1646 | D:2      | Noticed Jessica
  1658 | D:2      | Killed Jessica
  1659 | D:2      | Reached skill level 3 in Stealth
  1659 | D:2      | Reached XP level 4. HP: 24/24 MP: 9/11
  2167 | D:3      | Reached skill level 4 in Spellcasting
  2928 | D:4      | Noticed Blork the orc
  3083 | D:4      | Noticed an ogre
  3155 | D:4      | Killed Blork the orc
  3156 | D:4      | Reached skill level 1 in Long Blades
  3156 | D:4      | Reached XP level 5. HP: 27/28 MP: 10/13
  3299 | D:3      | Reached skill level 1 in Armour
  3299 | D:3      | Reached skill level 5 in Earth Magic
  3312 | D:4      | HP: 1/28 [ogre/+0 giant spiked club (14)]
  3326 | D:4      | Killed an ogre
  3327 | D:4      | Reached skill level 2 in Long Blades
  3327 | D:4      | Reached skill level 3 in Dodging
  3327 | D:4      | Reached XP level 6. HP: 3/33 MP: 12/15
  3639 | D:3      | Learned a level 3 spell: Stone Arrow
  3694 | D:4      | Found a shimmering blue altar of Sif Muna.
  3812 | D:4      | Became a worshipper of Sif Muna the Loreminder
  4016 | D:4      | Reached skill level 5 in Spellcasting
  4169 | D:5      | Entered Level 5 of the Dungeon
  4184 | D:5      | Reached skill level 1 in Conjurations
  4262 | D:5      | Reached XP level 7. HP: 32/37 MP: 16/16
  4303 | D:5      | Found a staircase to the Ecumenical Temple.
  4308 | D:5      | Reached skill level 2 in Conjurations
  4350 | D:5      | Found the +6 shillelagh "Devastator" {shatter}
  4360 | D:5      | Found a runed translucent door.
  4363 | D:5      | Noticed Crazy Yiuf
  4365 | D:5      | Identified the +6 mace "Death Rattle" {drain, *Rage Str+2
                  | Dex+4}
  4518 | D:5      | Reached skill level 6 in Earth Magic
  4541 | D:5      | HP: 6/37 [black bear (6)]
  4545 | D:4      | Reached skill level 1 in Fighting
  4863 | D:5      | You pick up a book of Cantrips and begin reading...
  4863 | D:5      | You add the spells Animate Skeleton, Summon Small Mammal
                  | and Apportation to your library.
  4876 | D:5      | Learned a level 1 spell: Apportation
  4990 | D:5      | Reached * piety under Sif Muna
  5452 | D:6      | You pick up a book of Spectacle and begin reading...
  5452 | D:6      | You add the spells Dazzling Flash, Iskenderun's Mystic
                  | Blast and Starburst to your library.
  5483 | D:6      | Reached skill level 1 in Maces & Flails
  5511 | D:6      | Reached skill level 1 in Invocations
  5511 | D:6      | Reached XP level 8. HP: 38/43 MP: 18/18
  5648 | D:6      | Reached skill level 6 in Spellcasting
  5841 | D:6      | Reached skill level 2 in Maces & Flails
  5919 | D:6      | Reached skill level 2 in Invocations
  5995 | D:6      | Reached skill level 4 in Dodging
  5995 | D:6      | Reached skill level 4 in Stealth
  5995 | D:6      | Reached skill level 3 in Conjurations
  6427 | D:6      | Reached skill level 3 in Invocations
  6569 | D:6      | Reached skill level 3 in Maces & Flails
  6635 | D:7      | Noticed Joseph
  6754 | D:7      | Reached XP level 9. HP: 40/48 MP: 21/21
  7168 | D:7      | Reached skill level 2 in Fighting
  7171 | D:7      | Reached ** piety under Sif Muna
  7204 | D:7      | Reached skill level 7 in Spellcasting
  7204 | D:7      | Reached skill level 4 in Invocations
  7352 | D:7      | Learned a level 4 spell: Petrify
  7377 | D:7      | Noticed Maggie
  7683 | D:8      | Reached skill level 4 in Conjurations
  7716 | D:8      | Reached skill level 4 in Maces & Flails
  7855 | D:8      | Reached skill level 7 in Earth Magic
  7857 | D:8      | Reached skill level 5 in Maces & Flails
  7857 | D:8      | Reached skill level 5 in Invocations
  8028 | D:8      | Found the macabre finger necklace {rN+}
  8054 | D:8      | Found a staircase to the Lair.
  8074 | D:8      | Reached skill level 5 in Dodging
  8900 | D:9      | Reached XP level 10. HP: 54/54 MP: 17/23
  8915 | D:9      | Reached skill level 5 in Stealth
  8980 | D:9      | HP: 11/54 [killer bee (7)]
  8985 | D:8      | HP: 7/54 [poisoned by a killer bee]
  8989 | Lair:1   | Entered Level 1 of the Lair of Beasts
  8989 | Lair:1   | HP: 3/54 [poisoned by a killer bee]
  9436 | D:9      | Reached skill level 3 in Fighting
  9488 | D:9      | HP: 3/56 [komodo dragon (12)]
 10033 | D:9      | Noticed a cyclops
 10075 | D:9      | Reached skill level 8 in Spellcasting
 10765 | D:9      | Found a runed translucent gate.
 10765 | D:9      | Found a runed translucent gate.
 10765 | D:9      | Found a runed translucent gate.
 10766 | D:9      | Noticed a purple ugly thing
 10767 | D:9      | Noticed a purple ugly thing
 10767 | D:9      | Noticed a cyan ugly thing
 10768 | D:9      | Noticed a glowing orange brain
 10773 | D:9      | Noticed an orb spider
 10773 | D:9      | a swamp worm changed into an orb spider
 10776 | D:9      | Noticed a faun
 10776 | D:9      | an orb spider changed into a faun
 10779 | D:9      | Noticed a two-headed ogre
 10779 | D:9      | a faun changed into a two-headed ogre
 10782 | D:9      | Noticed a cyclops
 10782 | D:9      | a two-headed ogre changed into a cyclops
 10802 | D:9      | HP: 13/56 [killer bee (6)]
 10804 | D:9      | HP: 6/56 [poisoned by a killer bee]
 11007 | D:8      | magus.rc [v1.9.6]
 11062 | D:9      | Reached skill level 6 in Maces & Flails
 11090 | D:9      | Hit by a large rock thrown by a cyclops

Vanquished Creatures
  A komodo dragon (D:9)
  4 wyverns
  12 yaks
  A vampire mosquito (D:9)
  A water moccasin (D:6)
  2 orc warriors
  A hornet zombie (D:7)
  A black bear (D:4)
  An ice beast (D:5)
  2 sky beasts
  3 ogres
  A necrophage (D:6)
  2 centaurs
  3 bullfrogs
  Blork the orc (D:4)
  A wyvern zombie (D:8)
  A scorpion (D:7)
  2 water moccasin skeletons
  6 killer bees
  5 howler monkeys
  2 centaur zombies
  3 hounds
  2 jellies
  A bullfrog skeleton (D:5)
  An orc priest (D:6)
  A centaur skeleton (D:7)
  Jessica (D:2)
  4 iguanas
  10 orc wizards
  A killer bee zombie (D:6)
  3 howler monkey zombies
  4 gnolls (D:5)
  2 howler monkey skeletons
  4 adders
  A shadow imp (D:6)
  An adder skeleton (D:4)
  An adder zombie (D:5)
  2 worms
  5 dart slugs
  31 orcs
  7 endoplasms
  2 giant cockroaches
  8 goblins
  8 hobgoblins
  8 jackals
  2 quokkas (D:1)
  4 ball pythons
  8 frilled lizards
  9 kobolds
  9 rats
196 creatures vanquished.

Vanquished Creatures (others)
  7 fungi
  7 plants
14 creatures vanquished.

Grand Total: 210 creatures vanquished

Table legend:
 A = Non-vault XP
 B = Vault XP
 C = Vault XP percentage of total XP
 D = Non-vault monster count
 E = Vault monster count
 F = Vault count percentage of total count
                 A         B        C        D         E       F
            +---------+---------+-------+---------+---------+-------
      Total |    7172 |    1154 |  13.9 |     173 |      23 |  11.7
            +---------+---------+-------+---------+---------+-------
        D:1 |      43 |       0 |   0.0 |      25 |       0 |   0.0
        D:2 |      35 |      40 |  53.3 |      19 |       3 |  13.6
        D:3 |      89 |       0 |   0.0 |      17 |       0 |   0.0
        D:4 |     356 |     193 |  35.2 |      15 |       5 |  25.0
        D:5 |     404 |      57 |  12.4 |      18 |       4 |  18.2
        D:6 |    1348 |       0 |   0.0 |      29 |       0 |   0.0
        D:7 |     903 |       0 |   0.0 |      15 |       0 |   0.0
        D:8 |    1830 |       0 |   0.0 |      17 |       0 |   0.0
        D:9 |    2164 |     864 |  28.5 |      18 |      11 |  37.9
            +---------+---------+-------+---------+---------+-------

Illustrated notes

Table legend:
 A = Kills in this place as a percentage of kills in entire the game.
 B = Kills by you in this place as a percentage of kills by you in the entire game.
 C = Kills by friends in this place as a percentage of kills by friends in the entire game.
 D = Other kills in this place as a percentage of other kills in the entire game.
 E = Experience gained in this place as a percentage of experience gained in the entire game.
 F = Experience gained in this place divided by the number of levels of this place that you have seen.
                   A       B       C       D       E      F
               +-------+-------+-------+-------+-------+----------------------
         Total | 100.0 | 100.0 |   N/A |   N/A | 100.0 | 832.6
       Dungeon | 100.0 | 100.0 |   N/A |   N/A | 100.0 | 925.1
               +-------+-------+-------+-------+-------+----------------------

Table legend: (Time is in decaauts)
 A = Elapsed time spent in this place.
 B = Non-inter-level travel time spent in this place.
 C = Inter-level travel time spent in this place.
 D = Time resting spent in this place.
 E = Time spent auto-exploring this place.
 F = Levels seen in this place.
 G = Mean time per level.
                   A        B        C        D        E       F      G
               +--------+--------+--------+--------+--------+-----+--------+
         Total |  11156 |  10596 |    560 |   2921 |   5308 |  10 | 1115.6 |
       Dungeon |  10865 |  10305 |    560 |   2642 |   5308 |   9 | 1207.2 |
          Lair |    290 |    290 |      0 |    279 |      0 |   1 |  290.0 |
               +--------+--------+--------+--------+--------+-----+--------+

Top non-repeatable levels by time:
     D:8: 2419 daAuts
     D:3: 1496 daAuts
     D:6: 1321 daAuts
     D:1: 1108 daAuts
     D:7: 1074 daAuts
     D:4: 1030 daAuts
     D:2: 859 daAuts
     D:5: 831 daAuts
     D:9: 724 daAuts
  Lair:1: 290 daAuts
